 Dungeon Crawl Stone Soup version 0.17.0 (webtiles) character file.

6045 Ijustatesigmund the Cleaver (level 10, -10/84 HPs)
             Began as a Minotaur Berserker on Nov 6, 2015.
             Was a High Priest of Trog.
             Killed from afar by an ice dragon (26 damage)
             ... with a blast of cold
             ... on level 9 of the Dungeon.
             The game lasted 00:22:40 (7275 turns).

Ijustatesigmund the Cleaver (Minotaur Berserker)    Turns: 7275, Time: 00:22:40

Health: -10/84     AC: 26    Str: 23    XL:     10   Next: 57%
Magic:  9/9        EV:  8    Int:  4    God:    Trog [*****.]
Gold:   341        SH:  0    Dex: 15    Spells: 0 memorised, 9 levels left

rFire  . . .     SeeInvis +     r - +5 dire flail (protect)
rCold  . . .     Clarity  .     t - +3 plate armour
rNeg   . . .     SustAt   .     (shield currently unavailable)
rPois  +         Gourm    .     (helmet restricted)
rElec  .         Spirit   .     e - +2 cloak {rPois}
rCorr  .         Warding  .     (no gloves)
rMut   .         Stasis   .     (no boots)
MR     .....                    n - amulet of faith
Stlth  ..........               z - +3 ring of dexterity
                                g - ring of see invisible

@: not resistant to hostile enchantments, extremely unstealthy
A: retaliatory headbutt, horns 2
a: Berserk, Trog's Hand, Brothers in Arms, Burn Spellbooks, Renounce Religion


You were on level 9 of the Dungeon.
You worshipped Trog.
Trog was extremely pleased with you.
You were very hungry.

You visited 1 branch of the dungeon, and saw 9 of its levels.

You collected 438 gold pieces.
You spent 97 gold pieces at shops.

Inventory:

Hand Weapons
 p - a +5 broad axe of venom
 r - a +5 dire flail of protection (weapon)
Armour
 e - a +2 cloak of poison resistance (worn)
 t - a +3 plate armour (worn)
Jewellery
 g - a ring of see invisible (left hand)
 h - an uncursed amulet of clarity
 n - an amulet of faith (around neck)
 o - an uncursed amulet of warding
 z - a +3 ring of dexterity (right hand)
 A - a +2 ring of evasion {unknown}
Wands
 s - a wand of flame (25)
 D - a wand of lightning (9)
Scrolls
 a - 2 scrolls of remove curse
 b - a scroll of blinking
 d - 2 scrolls of teleportation
 x - 2 scrolls of identify
 y - a scroll of fear
 E - a scroll of magic mapping {unknown}
Potions
 f - 2 potions of mutation
 i - 2 potions of berserk rage {unknown}
 j - 2 potions of lignification
 k - 3 potions of curing
 l - a potion of resistance
 m - 2 potions of flight
 q - a potion of brilliance
 u - a potion of cure mutation
 v - 2 potions of ambrosia
 w - 2 potions of might
 C - 3 potions of agility
Comestibles
 c - 7 bread rations
 B - 6 beef jerkies


   Skills:
 - Level 6.7 Fighting
 + Level 13.7 Axes
 + Level 11.9 Armour
 - Level 2.1 Dodging


You had 9 spell levels left.
You didn't know any spells.

Dungeon Overview and Level Annotations

Branches:
Dungeon (9/15)             Temple (0/1) D:5            Lair (0/8) D:9
    Orc: D:9-12

Altars:
Ashenzari
Cheibriados
Fedhas
Kikubaaqudgha
Makhleb
Nemelex Xobeh
Qazlal
Ru
Trog
Vehumet
Xom
Zin

Shops:
D:4 [   D:6 *


Innate Abilities, Weirdness & Mutations

You reflexively headbutt those who attack you in melee.
You have a pair of horns on your head.


Message History

The ice dragon bites you but does no damage.
The ice dragon claws you but does no damage.
The ice dragon tramples you but does no damage.
You hit the ice dragon but do no damage.
You headbutt the ice dragon.
The ice dragon is almost dead.
You hit the ice dragon but do no damage.
You headbutt the ice dragon, but do no damage.
The ice dragon is almost dead.
The ice dragon bites you but does no damage.
The ice dragon claws you.
* * * LOW HITPOINT WARNING * * *
The ice dragon tramples you but does no damage.
You're too hungry to go berserk.
You hit the ice dragon but do no damage.
You headbutt the ice dragon, but do no damage.
The ice dragon is almost dead.
The ice dragon breathes frost at you. The blast of cold hits you!
You die...

#.?$$≈≈≈≈≈≈≈
#..$$≈≈≈≈≈≈≈
#...≈≈≈≈≈≈≈#
##...≈≈≈≈≈≈≈#
#≈≈.≈≈≈≈≈≈#
#≈≈≈≈≈≈..≈#
#≈≈≈≈.....#
##≈;.D....#
#...@....#
#.......##
##......#
#...#
#......#
#...#
##....##
#...###
##..##
##...##. #..#
#....... ##.#
#....##. #.#
#....##.


You could see an ice dragon and an electric eel.

Vanquished Creatures
  Erica (D:8)
  Psyche (D:8)
  A fire drake (D:9)
  A two-headed ogre (D:8)
  2 hungry ghosts (D:8)
  Grum (D:8)
  Menkaure (D:7)
  The ghost of KromesxD the Dealer of Despair, an amateur DsNe of Kikubaaqudgha (D:4)
  4 wolves (D:8)
  2 black bears (D:7)
  A phantom (D:7)
  A necrophage (D:9)
  2 orc warriors
  3 ogres
  2 sky beasts
  2 centaurs
  4 scorpions
  3 giant frogs
  4 killer bees (D:7)
  3 giant frog zombies
  2 hounds
  3 orc priests
  A quasit (D:6)
  A centaur zombie (D:5)
  9 crimson imps
  2 centaur skeletons
  2 jellies (D:7)
  14 orc wizards
  3 giant frog skeletons
  9 worker ants
  4 iguanas
  A hound zombie (D:7)
  3 gnolls (D:2)
  14 adders
  2 shadow imps
  2 adder skeletons
  An adder zombie (D:3)
  6 worms
  4 giant geckos
  26 orcs
  4 bats
  6 giant cockroaches
  9 hobgoblins
  12 jackals
  3 giant newts
  7 goblins
  A jackal skeleton (D:4)
  13 kobolds
  9 quokkas
  10 rats
223 creatures vanquished.

Vanquished Creatures (others)
  A kobold (D:2)
  A giant cockroach (D:2)
2 creatures vanquished.

Grand Total: 225 creatures vanquished

Notes
Turn   | Place    | Note
--------------------------------------------------------------
     0 | D:1      | Ijustatesigmund the Minotaur Berserker began the quest for the Orb.
     0 | D:1      | Reached XP level 1. HP: 19/19 MP: 0/0
    39 | D:1      | Reached skill level 4 in Axes
   324 | D:1      | Reached XP level 2. HP: 26/26 MP: 1/1
   451 | D:1      | Reached skill level 5 in Axes
   757 | D:1      | Reached XP level 3. HP: 28/31 MP: 2/2
   835 | D:1      | Reached ** piety under Trog
  1318 | D:2      | Found a radiant altar of Vehumet.
  1439 | D:2      | Found a shattered altar of Ashenzari.
  1558 | D:2      | Found a snail-covered altar of Cheibriados.
  1562 | D:2      | Found a sacrificial altar of Ru.
  1635 | D:2      | Reached XP level 4. HP: 37/39 MP: 3/3
  1699 | D:2      | Reached skill level 6 in Axes
  1884 | D:3      | Found a glowing silver altar of Zin.
  1922 | D:3      | Reached *** piety under Trog
  2014 | D:3      | Reached XP level 5. HP: 40/45 MP: 4/4
  2414 | D:4      | Found a sparkling altar of Nemelex Xobeh.
  2563 | D:4      | Reached XP level 6. HP: 38/53 MP: 5/5
  2735 | D:4      | Reached skill level 7 in Axes
  2827 | D:4      | Reached skill level 5 in Fighting
  2887 | D:4      | Reached **** piety under Trog
  2998 | D:4      | Found Nougiub's Armour Boutique.
  2999 | D:4      | Noticed KromesxD's ghost (amateur DsNe)
  3009 | D:4      | Killed KromesxD's ghost
  3009 | D:4      | Reached XP level 7. HP: 62/62 MP: 6/6
  3093 | D:4      | Reached skill level 8 in Axes
  3223 | D:5      | Entered Level 5 of the Dungeon
  3223 | D:5      | Found a bloodstained altar of Trog.
  3465 | D:5      | Found a staircase to the Ecumenical Temple.
  3775 | D:5      | Found a blossoming altar of Fedhas.
  3775 | D:5      | Found an ancient bone altar of Kikubaaqudgha.
  3978 | D:6      | Found Bail's Bounteous Boutique.
  3991 | D:6      | Reached skill level 9 in Axes
  3994 | D:6      | Bought a scroll of blinking for 97 gold pieces
  4017 | D:6      | Reached skill level 5 in Armour
  4017 | D:6      | Reached XP level 8. HP: 71/71 MP: 7/7
  4232 | D:6      | Reached ***** piety under Trog
  4424 | D:6      | Received a gift from Trog
  4488 | D:6      | Reached skill level 10 in Axes
  4816 | D:7      | Noticed Menkaure
  4823 | D:7      | Killed Menkaure
  4823 | D:7      | Reached skill level 11 in Axes
  4823 | D:7      | Reached XP level 9. HP: 29/78 MP: 8/8
  5738 | D:8      | Noticed Psyche
  5741 | D:8      | Killed Psyche
  5750 | D:8      | Reached skill level 12 in Axes
  5895 | D:8      | Noticed Grum
  5896 | D:8      | Reached skill level 10 in Armour
  5910 | D:8      | Killed Grum
  5948 | D:8      | Reached XP level 10. HP: 37/84 MP: 9/9
  6199 | D:8      | Received a gift from Trog
  6252 | D:8      | Found a burning altar of Makhleb.
  6253 | D:8      | Found a shimmering altar of Xom.
  6465 | D:8      | Reached skill level 13 in Axes
  6769 | D:8      | Noticed Erica
  6777 | D:8      | Killed Erica
  6828 | D:9      | Found a stormy altar of Qazlal.
  6828 | D:9      | Found a staircase to the Lair.
  7256 | D:9      | Noticed an ice dragon
  7275 | D:9      | Killed from afar by an ice dragon

Action                   |  1- 3 |  4- 6 |  7- 9 | 10-12 || total
-------------------------+-------+-------+-------+-------++-------
Melee: Hand axe          |    99 |   104 |   156 |       ||   359
       Broad axe         |       |       |   113 |    10 ||   123
       Dire flail        |       |       |       |    88 ||    88
Invok: Berserk           |     2 |     4 |       |     1 ||     7
  Use: Scroll            |     8 |     5 |    16 |       ||    29
  Eat: Chunk             |     4 |     6 |     7 |     2 ||    19
       Beef jerky        |       |     1 |       |       ||     1
       Bread ration      |       |       |     1 |     1 ||     2
       Fruit             |       |       |       |     2 ||     2
       Meat ration       |       |       |       |     1 ||     1
       Pizza             |       |       |       |     1 ||     1
